AoeStats
← Comend x comend

Arena

508793607Analyzed
4v4 RM · 7d ago on Sep 24, 2026· 55m 54s· 8 players
Game mode
Random Map
Map size
Large (8 player)
Population
200
Speed
Normal
Resources
Standard
Victory
Conquest
Starting age
Dark Age
Ending age
Imperial Age
RankedLock teamsTeams togetherTeam positionsShared explorationLock speedFull tech treeHidden civsTurbo modeCheats
Victory
Defeat
🇦🇷 Vietnamese · Argentina
1353
+17
🇺🇸 Hindustanis · United States
1340
+18
🇩🇪 Huns · Germany
1335
+18
🇵🇪 Turks · Peru
1329
+18
🇺🇸 Khmer · United States
1439
-21
🇺🇸 Saxons · United States
1414
-19
🇺🇸 Romans · United States
1395
-18
🇺🇸 Poles · United States
1268
-13
Queens_StoneAge
10:41 Feudal Age
14:53 Castle Age
13:10 Double-Bit Axe
13:08 Horse Collar
16:28 Wheelbarrow
16:22 Bow Saw
26:26 Imperial Age
23:49 Gold Mining
25:00 Grand Trunk Road
25:55 Scale Barding Armor
26:01 Forging
27:13 Bloodlines
26:47 Heavy Camel Rider
27:52 Chain Barding Armor
29:01 Conscription
30:55 Fortified Wall
31:19 Husbandry
32:00 Gold Shaft Mining
32:51 Chemistry
31:57 Onager
35:22 Plate Barding Armor
35:22 Iron Casting
37:15 Imperial Camel Rider
40:06 Blast Furnace
40:24 Light Cavalry
52:27 Hussar
Comend x comend
12:15 Feudal Age
16:00 Castle Age
20:30 Imperial Age
35:35 Loom
36:25 Wheelbarrow
36:26 Horse Collar
38:38 Double-Bit Axe
ToTheAnd
10:33 Feudal Age
14:38 Castle Age
12:43 Double-Bit Axe
13:19 Horse Collar
14:05 Gold Mining
16:28 Bow Saw
17:29 Wheelbarrow
19:18 Loom
20:13 Fletching
21:27 Bodkin Arrow
23:08 Stone Mining
23:55 Gold Shaft Mining
23:30 Padded Archer Armor
24:03 Husbandry
25:57 Bloodlines
25:57 Thumb Ring
27:12 Town Watch
30:17 Imperial Age
28:24 Leather Archer Armor
28:26 Hand Cart
28:48 Scale Barding Armor
29:09 Ballistics
30:17 Chain Barding Armor
30:42 Marauders
31:04 Forging
31:10 Masonry
33:16 Plate Barding Armor
35:14 Bracer
35:47 Heavy Cavalry Archer
37:36 Conscription
37:04 Light Cavalry
37:46 Hussar
39:51 Iron Casting
38:55 Elite Tarkan
41:07 Parthian Tactics
42:23 Blast Furnace
45:29 Guilds
46:32 Chemistry
46:33 Coinage
48:46 Squires
48:44 Capped Ram
52:28 Scale Mail Armor
ValkriaN
11:57 Feudal Age
12:41 Double-Bit Axe
12:42 Horse Collar
15:44 Castle Age
17:01 Bow Saw
17:48 Wheelbarrow
17:21 Heavy Plow
17:20 Loom
18:42 Wheelbarrow
18:13 Town Watch
22:15 Gold Mining
23:23 Stone Mining
25:43 Stone Shaft Mining
25:34 Ballistics
28:24 Hand Cart
30:50 Imperial Age
29:16 Hand Cart
29:05 Fletching
29:15 Padded Archer Armor
30:00 Town Patrol
30:05 Treadmill Crane
31:21 Bodkin Arrow
31:41 Leather Archer Armor
32:00 Paper Money
32:33 Thumb Ring
32:04 Elite Rattan Archer
32:48 Elite Fire Lancer
33:29 Squires
33:14 Arson
34:28 Bracer
34:58 Ring Archer Armor
35:34 Chemistry
34:39 Siege Engineers
35:09 Fortified Wall
36:45 Forging
36:36 Scale Mail Armor
40:26 Two-Man Saw
39:22 Pikeman
44:16 Hoardings
43:28 Halberdier
46:00 Chain Mail Armor
46:20 Iron Casting
48:13 Plate Mail Armor
48:47 Man-at-Arms
50:14 Chatras
51:04 Long Swordsman
52:33 Scale Barding Armor
54:13 Bloodlines
54:03 Husbandry
53:23 Elite Battle Elephant
54:50 Two-Handed Swordsman
Zilchland
3:12 Loom
5:12 Loom
11:55 Feudal Age
14:37 Castle Age
12:41 Double-Bit Axe
23:26 Horse Collar
24:49 Heavy Plow
25:33 Wheelbarrow
25:24 Bow Saw
25:49 Gold Mining
25:45 Loom
30:08 Imperial Age
28:37 Hand Cart
28:26 Husbandry
28:37 Bloodlines
28:48 Scale Barding Armor
28:53 Forging
29:39 Loom
30:11 Elite Battle Elephant
31:17 Chain Barding Armor
31:33 Iron Casting
32:10 Iron Casting
32:57 Plate Barding Armor
33:51 Blast Furnace
33:17 Conscription
33:36 Tusk Swords
38:44 Fletching
39:54 Light Cavalry
43:13 Hussar
48:40 Ballistics
48:27 Heavy Scorpion
50:11 Chemistry
50:45 Capped Ram
52:57 Siege Engineers
BeanWitDaBeam
11:20 Feudal Age
15:24 Castle Age
13:11 Double-Bit Axe
16:36 Bow Saw
37:26 Imperial Age
35:41 Ballistics
37:33 Loom
38:23 Wheelbarrow
37:51 Heavy Scorpion
39:00 Siege Engineers
39:55 Chemistry
38:21 Capped Ram
40:51 Siege Ram
46:33 Fletching
47:17 Bodkin Arrow
Cain2point0
10:19 Feudal Age
11:48 Double-Bit Axe
14:09 Castle Age
12:30 Horse Collar
15:18 Bow Saw
20:46 Wheelbarrow
22:36 Hand Cart
23:09 Gold Mining
24:02 Fletching
24:13 Padded Archer Armor
28:28 Imperial Age
26:51 Ballistics
27:30 Bodkin Arrow
27:57 Leather Archer Armor
28:21 Thumb Ring
29:14 Gold Shaft Mining
28:51 Husbandry
29:19 Bloodlines
29:31 Bracer
29:36 Cranequins
30:45 Conscription
31:50 Chemistry
32:14 Two-Man Saw
31:50 Ring Archer Armor
31:35 Heavy Mounted Crossbowman
32:39 Guard Tower
35:00 Keep
34:12 Arrowslits
34:38 Masonry
35:18 Town Watch
35:22 Loom
36:34 Scale Mail Armor
36:44 Forging
36:56 Murder Holes
37:36 Architecture
37:22 Capped Ram
38:11 Siege Engineers
38:17 Elite Varangian Guard
38:57 Squires
38:44 Gambesons
38:45 Arson
38:23 Siege Ram
39:12 Treadmill Crane
39:44 Fortified Wall
40:00 Chain Mail Armor
40:21 Iron Casting
39:29 Shield Wall
40:45 Hoardings
43:12 Plate Mail Armor
45:56 Heavy Scorpion
SharkeyTank
11:15 Feudal Age
15:37 Castle Age
14:04 Double-Bit Axe
14:03 Horse Collar
15:23 Loom
16:37 Bow Saw
16:33 Stone Mining
24:27 Light Cavalry
25:19 Bloodlines
35:37 Scale Barding Armor
36:35 Heavy Plow
39:54 Chain Barding Armor
39:45 Forging
42:06 Husbandry
42:45 Iron Casting
47:40 Imperial Age
48:52 Winged Hussar
51:42 Blast Furnace
53:55 Conscription
55:07 Wheelbarrow
Connection lost

Rejoining the realm…

Still unreachable

The connection could not be restored.

Session expired

The server has moved on; the page needs a fresh start.